 Dungeon Crawl Stone Soup version 0.22.0-18-ge075c0d (webtiles) character file.

6 Amnesiac the Gusty (level 1, -5/13 HPs)
             Began as a Mummy Air Elementalist on Aug 18, 2018.
             Slain by a river rat (6 damage)
             ... in a sewer.
             The game lasted 00:01:10 (167 turns).

Amnesiac the Gusty (Mummy Air Elementalist)          Turns: 167, Time: 00:01:11

Health: -5/13      AC:  2    Str: 11    XL:     1   Next: 75%
Magic:  1/4        EV: 12    Int: 14    God:
Gold:   0          SH:  0    Dex: 12    Spells: 4/5 levels left

rFire    x . .     SeeInvis .   (no weapon)
rCold    + . .     Gourm    .   (no shield)
rNeg     + + +     Faith    .   a - +0 robe
rPois    ∞         Spirit   .   (no helmet)
rElec    .         Reflect  .   (no cloak)
rCorr    .         Harm     .   (no gloves)
MR       .....                  (no boots)
Stlth    ++........             (no amulet)
HPRegen  0.04/turn              (no ring)
MPRegen  0.09/turn              (no ring)

@: no status effects
A: no food or potions, fire vulnerability, cold resistance 1, negative energy
resistance 3, torment resistance, unbreathing
a: no special abilities


You were in a sewer.
You were not hungry.

You visited 1 branch of the dungeon, and saw 3 of its levels.
You also visited: Sewer.

Inventory:

Armour
 a - a +0 robe (worn)
Wands
 b - a wand of enslavement (8)


   Skills:
 - Level 1.5 Dodging
 - Level 1.5 Stealth
 + Level 2.7 Spellcasting
 - Level 0.7 Conjurations
 * Level 2.7 Air Magic


You had 4 spell levels left.
You knew the following spells:

 Your Spells              Type           Power        Failure   Level  Hunger
a - Shock                 Conj/Air       #...         11%         1    N/A

Your spell library contained the following spells:

 Spells                   Type           Power        Failure   Level  Hunger
 Swiftness                Chrm/Air       #.......     19%         2    N/A
 Static Discharge         Conj/Air       #.......     32%         3    N/A
 Airstrike                Air            #.........   56%         4    N/A
 Lightning Bolt           Conj/Air       #.........   96%         5    N/A

Dungeon Overview and Level Annotations

Branches:
Dungeon (3/15)

Altars:

Annotations:
D:3 3 runed doors, biddum's ghost, amateur TeMo


Innate Abilities, Weirdness & Mutations

You do not eat or drink.
Your flesh is vulnerable to fire.
You are immune to poison.
Your flesh is cold resistant. (rC+)
You are immune to negative energy. (rN+++)
You are immune to unholy pain and torment.
You can survive without breathing.


Message History

Casting: Shock (safe; 11% risk of failure)
Confirm with . or Enter, or press ? or * to list all spells.
Aiming: Shock (safe; 11% risk of failure)
Press: ? - help, Shift-Dir - straight line The zap hits the leopard gecko.
The leopard gecko is heavily wounded.
The zap misses the leopard gecko.
The leopard gecko barely misses you. The leopard gecko closely misses you.
Casting: Shock (safe; 11% risk of failure)
Confirm with . or Enter, or press ? or * to list all spells.
You don't have enough magic to cast that spell.
The hobgoblin shouts! x2
The giant cockroach bites you but does no damage.
The giant cockroach bites you but does no damage. x2
The giant cockroach bites you but does no damage.
The giant cockroach barely misses you.
Found a glowing drain.
Casting: Shock (safe; 11% risk of failure)
Confirm with . or Enter, or press ? or * to list all spells.
Aiming: Shock (safe; 11% risk of failure)
Press: ? - help, Shift-Dir - straight line The zap misses the giant cockroach.
The zap hits the leopard gecko.
The leopard gecko is almost dead.
The zap hits the leopard gecko.
You kill the leopard gecko!
The giant cockroach misses you.
Unknown command.
A leopard gecko comes into view.
You enter the shallow water.
Moving in this stuff is going to be slow.
A giant cockroach comes into view.
The leopard gecko hisses angrily.
The giant cockroach bites you but does no damage.
The hobgoblin misses you. The giant cockroach barely misses you.
The leopard gecko bites you.
The leopard gecko bites you but does no damage.
The giant cockroach barely misses you. x2
The leopard gecko splashes around in the water.
The giant cockroach waves its antennae.
The giant cockroach misses you.
The leopard gecko bites you but does no damage.
The giant cockroach bites you. The giant cockroach closely misses you.
The leopard gecko closely misses you.
There is a glowing drain here.
The leopard gecko misses you.
The giant cockroach bites you but does no damage.
The giant cockroach closely misses you. The leopard gecko closely misses you.
The world spins around you as you enter the gateway.
You enter a sewer! 3 rats and 2 river rats come into view.
Found a gate leading back out of this place.
There is an empty arch of ancient stone here.
Unknown command.
Really read
c - a scroll labeled NAFYHA FIEH {!r}?
As you read the scroll labeled NAFYHA FIEH {!r}, it crumbles to dust.
You feel blessed for a moment.
It was a scroll of remove curse {!r}.
The river rat misses you.
There is a gate leading back out of this place here.
The river rat bites you!
Ouch! That really hurt!
* * * LOW HITPOINT WARNING * * *
The river rat bites you.
You die... ############### #r..r@r∩.r.r..≈ ###############

You could see 2 river rats and 3 rats.

Vanquished Creatures
  A leopard gecko (D:3)
  A ball python (D:2)
  A giant cockroach (D:3)
  A bat (D:3)
  A rat (D:2)
5 creatures vanquished.

Notes
Turn   | Place    | Note
-------+----------+-------------------------------------------
     0 | D:1      | Amnesiac the Mummy Air Elementalist began the quest for the Orb.
     0 | D:1      | Reached XP level 1. HP: 13/13 MP: 4/4
    97 | D:3      | Found a runed gate.
    97 | D:3      | Found a runed gate.
    98 | D:3      | Found a runed gate.
   102 | D:3      | Noticed biddum's ghost (amateur TeMo)
   154 | D:3      | Found a glowing drain.
   163 | Sewer    | Entered a sewer
   167 | Sewer    | Slain by a river rat

Action                   || total
-------------------------++-------
 Cast: Shock             ||    11
  Use: Scroll            ||     1
Armor: Robe              ||    11
Dodge: Dodged            ||    24
